 Dungeon Crawl Stone Soup version 0.30-a0-738-g116ff8c4af (webtiles) character file.

Game seed: 5873941568248814286

481 IdlyInterested the Cudgeller (level 6, -5/48 HPs)
             Began as a Demonspawn Gladiator on Feb 3, 2023.
             Slain by an ogre
             ... wielding a +0 giant club
              (29 damage)
             ... on level 4 of the Dungeon.
             The game lasted 00:11:51 (2986 turns).

IdlyInterested the Cudgeller (Demonspawn Gladiator) Turns: 2986, Time: 00:11:52

Health: -5/48      AC: 12    Str: 17    XL:     6   Next: 87%
Magic:  6/6        EV:  7    Int: 14    God:
Gold:   144        SH:  5    Dex: 14    Spells: 5/5 levels left

rFire   + . .      SeeInvis .    p - +8 hammer "Fehonif" {heavy, *Noise Int+5}
rCold   . . .      Faith    .    (no shield)
rNeg    . . .      Spirit   .    n - +0 chain mail
rPois   .          Reflect  +    m - +0 hat
rElec   .          Harm     .    o - +0 cloak
rCorr   .          Rampage  .    (no gloves)
Will    .....                    g - +0 pair of boots Stlth
                                 u - amulet of reflection
HPRegen 0.28/turn                (no ring)
MPRegen 0.10/turn                (no ring)

@: no status effects
A: icy blue scales 1, demonic magic 1, demonic touch 1, fangs 1, horns 1, fire
resistance 1
a: no special abilities


You were on level 4 of the Dungeon.
You visited 1 branch of the dungeon, and saw 4 of its levels.

You collected 144 gold pieces.

Inventory:

Hand Weapons
 a - a +1 flail
 p - the +8 hammer "Fehonif" (weapon) {heavy, *Noise Int+5}
   (You found it on level 2 of the Dungeon)

   Int:       It affects your intelligence (+5).
   *Noise:    It may make noises in combat.
Missiles
 b - a boomerang
 d - 2 throwing nets
 e - a javelin
 f - 3 stones (quivered)
 l - 5 poisoned darts
Armour
 c - a +0 helmet
 g - a +0 pair of boots (worn)
 m - a +0 hat (worn)
 n - a +0 chain mail (worn)
 o - a +0 cloak (worn)
Magical Staves
 h - a staff of earth
Jewellery
 u - an amulet of reflection (around neck)
Scrolls
 i - 2 scrolls of immolation
 j - a scroll of teleportation
 q - a scroll of amnesia
 t - a scroll of blinking
Potions
 k - a potion of might
 r - a potion of heal wounds
 s - a potion of magic {unknown}


   Skills:
 + Level 3.7 Fighting
 * Level 5.1 Maces & Flails
 - Level 2.0 Throwing
 * Level 1.1 Armour
 - Level 3.0 Dodging
 - Level 1.0 Stealth
 - Level 2.0 Unarmed Combat
 - Level 2.0 Evocations


You had 5 spell levels left.
You didn't know any spells.
Your spell library contained the following spells:

 Spells                   Type           Power      Damage    Failure   Level
 Freeze                   Ice            0%         1d3       99%         1
 Blink                    Tloc           0%         N/A       100%        2
 Lesser Beckoning         Tloc           0%         N/A       100%        2
 Momentum Strike          Conj/Tloc      0%         3d8       100%        2
 Frozen Ramparts          Ice            0%         1d1       100%        3
 Hailstorm                Conj/Ice       0%         3d3       100%        3


Dungeon Overview and Level Annotations

Branches:
Dungeon (4/15)
 Temple: D:4-7

Altars:
Cheibriados
Wu Jian


Innate Abilities, Weirdness & Mutations

You are partially covered in icy blue scales. (AC +2)
Spells you cast may paralyse adjacent enemies.
Your touch may inflict minor irresistible damage on your foes.
You have very sharp teeth.
You have a pair of small horns on your head.
Your flesh is heat resistant. (rF+)


Message History

You kill the hobgoblin!
Things that are here:
a +0 robe; a hobgoblin corpse
Found a leather armour.
Found an escape hatch in the ceiling.
You see here a +0 leather armour.
There is an escape hatch in the ceiling here.
A mysterious force pulls you upwards. The hatch slams shut behind you.
You enter the shallow water.
Moving in this stuff is going to be slow.
There is an escape hatch in the floor here.
You aren't carrying any items that you can evoke.
You slide downwards.
The hatch slams shut behind you.
t - a scroll of blinking An ogre comes into view.
It is wielding a +0 giant club.
The ogre shouts!
The ogre moves out of view.
You see here 20 gold pieces.
Throw: 6 stones
Press: ? - help, Q - select action, (/) - cycle Shift-Dir - straight line, f - ogre
Aim: an ogre, wielding a +0 giant club (75% to hit)
You throw a stone. The stone hits the ogre.
The ogre is lightly wounded.
Throw: 5 stones
Press: ? - help, Q - select action, (/) - cycle Shift-Dir - straight line, f/p - ogre
Aim: an ogre, wielding a +0 giant club (lightly wounded, 75% to hit)
You throw a stone. The stone barely misses the ogre.
Throw: 4 stones
Press: ? - help, Q - select action, (/) - cycle Shift-Dir - straight line, f/p - ogre
Aim: an ogre, wielding a +0 giant club (lightly wounded, 75% to hit)
You throw a stone. The stone hits the ogre.
The ogre is lightly wounded.
You barely miss the ogre.
The ogre is lightly wounded.
The ogre hits you with a +0 giant club!!
Ouch! That really hurt!
You completely miss the ogre. Your headbutt misses the ogre.
The ogre is lightly wounded.
The ogre hits you with a +0 giant club!!
Ouch! That really hurt!
You die...

..##.. .... .. .....#
#...##. ... ..#..#
##..$.. ....# ..##..
#......###....# ......
........##....# #......
.........#..# ##.......
............###.........
.(.....@.........##.....
......O........# ##....
...............## #..#..
................# ##.###
....##.#........####.###
.... #.#.......>.##.....
#.. .............#....#
## ..................##
.#............##<..##


You could see an ogre.

Vanquished Creatures
  Sigmund (D:4)
  2 orc priests (D:3)
  Crazy Yiuf (D:2)
  An iguana (D:4)
  Terence (D:2)
  An orc wizard (D:3)
  7 adders
  3 worms (D:2)
  2 dart slugs
  5 orcs (D:3)
  4 ball pythons
  7 bats
  6 endoplasms
  9 giant cockroaches
  6 goblins
  9 hobgoblins
  6 jackals
  5 kobolds
  A quokka (D:2)
  4 frilled lizards
  2 rats
83 creatures vanquished.

Vanquished Creatures (others)
  2 plants (D:3)
2 creatures vanquished.

Grand Total: 85 creatures vanquished

Notes
Turn   | Place    | Note
-------+----------+-------------------------------------------
     0 | D:1      | IdlyInterested the Demonspawn Gladiator began the quest for
                  | the Orb.
     0 | D:1      | Reached XP level 1. HP: 16/16 MP: 1/1
   128 | D:1      | Gained mutation: You are partially covered in icy blue
                  | scales. (AC +2) [demonic ancestry]
   128 | D:1      | Reached XP level 2. HP: 21/22 MP: 2/2
   140 | D:1      | Reached skill level 3 in Maces & Flails
   430 | D:1      | Gained mutation: Spells you cast may paralyse adjacent
                  | enemies. [demonic ancestry]
   430 | D:1      | Reached XP level 3. HP: 28/28 MP: 3/3
   952 | D:2      | Reached skill level 1 in Armour
  1128 | D:2      | Noticed Terence
  1152 | D:2      | Killed Terence
  1153 | D:2      | Reached skill level 1 in Stealth
  1153 | D:2      | Gained mutation: Your touch may inflict minor irresistible
                  | damage on your foes. [demonic ancestry]
  1153 | D:2      | Reached XP level 4. HP: 22/34 MP: 4/4
  1282 | D:2      | Found a runed translucent door.
  1283 | D:2      | Noticed Crazy Yiuf
  1666 | D:2      | Killed Crazy Yiuf
  1667 | D:2      | Reached skill level 1 in Evocations
  1667 | D:2      | Reached XP level 5. HP: 36/40 MP: 5/5
  1676 | D:2      | Identified the +8 hammer "Fehonif" {heavy, *Noise Int+5}
  1721 | D:3      | Reached skill level 4 in Maces & Flails
  2005 | D:3      | Gained mutation: Your flesh is heat resistant. (rF+)
                  | [potion of mutation]
  2005 | D:3      | Gained mutation: You have a pair of small horns on your
                  | head. [potion of mutation]
  2005 | D:3      | Gained mutation: You have very sharp teeth. [potion of
                  | mutation]
  2157 | D:3      | Found an ornate altar of the Wu Jian Council.
  2224 | D:3      | Found a snail-covered altar of Cheibriados.
  2294 | D:3      | Noticed an ice beast
  2625 | D:4      | Noticed Sigmund
  2630 | D:4      | Killed Sigmund
  2631 | D:4      | Reached skill level 1 in Unarmed Combat
  2631 | D:4      | Reached XP level 6. HP: 46/47 MP: 6/6
  2701 | D:4      | Reached skill level 5 in Maces & Flails
  2986 | D:4      | Slain by an ogre

Illustrated notes

Levels and vault maps discovered:
D:1:      dpeg_arrival_shrine, layout_loops_ring, minmay_worlds_worst_comb
D:2:      layout_basic, uniq_terence, uniq_crazy_yiuf_cottage
D:3:      layout_rooms, mainiacjoe_overflow_concentric_impassable,
          pdpol_wu_jian_five_deadly_venoms, nrook_uturn, chequers_big_river,
          lightli_corner_chamber
D:4:      layout_cave_pools, uniq_sigmund

Skill      XL: |  1  2  3  4  5  6 |
---------------+-------------------+-----
Maces & Flails | 3 4 5 |  5.1
Dodging        | 3 |  3.0
Throwing       | 2 |  2.0
Armour         | 1 |  1.1
Stealth        | 1 |  1.0
Evocations     | 1 2 |  2.0
Fighting       | 3 |  3.7
Unarmed Combat | 1 2 |  2.0

Action                     |  1- 3 |  4- 6 || total
---------------------------+-------+-------++-------
  Melee: Flail             |   126 |    21 ||   147
         Punch             |     1 |     1 ||     2
         Touch             |       |     7 ||     7
         Mace              |       |    51 ||    51
         Headbutt          |       |     6 ||     6
         Bite              |       |     1 ||     1
  Throw: Dart              |     2 |       ||     2
         Throwing net      |       |     1 ||     1
         Stone             |       |    34 ||    34
    Use: Scroll            |     5 |     4 ||     9
         Potion            |       |     1 ||     1
   Stab: Sleeping          |     1 |       ||     1
         Held in net/web   |       |     1 ||     1
 Armour: Scale mail        |    58 |       ||    58
         Leather armour    |     1 |       ||     1
         Chain mail        |       |    51 ||    51
  Dodge: Dodged            |    73 |    39 ||   112
  Block: Other             |       |     3 ||     3

Table legend: (Time is in decaauts)
 A = Elapsed time spent in this place.
 B = Non-inter-level travel time spent in this place.
 C = Inter-level travel time spent in this place.
 D = Time resting spent in this place.
 E = Time spent auto-exploring this place.
 F = Levels seen in this place.
 G = Mean time per level.
                   A        B        C        D        E       F      G
               +--------+--------+--------+--------+--------+-----+--------+
         Total |   3076 |   2738 |    338 |    330 |   1495 |   4 |  769.0 |
       Dungeon |   3076 |   2738 |    338 |    330 |   1495 |   4 |  769.0 |
               +--------+--------+--------+--------+--------+-----+--------+

Top non-repeatable levels by time:
     D:3: 963 daAuts
     D:2: 952 daAuts
     D:1: 861 daAuts
     D:4: 298 daAuts
